 Dungeon Crawl Stone Soup version 0.29-a0-234-g0dae59b3db (webtiles) character file.

Game seed: 7034138519539340929

5408 spaghetti the Geomancer (level 10, -16/69 HPs)
             Began as a Demigod Earth Elementalist on Mar 2, 2022.
             Killed from afar by a steam dragon (19 damage)
             ... with a ball of steam
             ... on level 9 of the Dungeon.
             The game lasted 00:14:20 (7907 turns).

spaghetti the Geomancer (DgEE)                      Turns: 7907, Time: 00:14:21

Health: -16/69     AC:  6    Str:  9    XL:     10   Next: 17%
Magic:  2/26       EV: 12    Int: 29    God:
Gold:   471        SH:  0    Dex: 14    Spells: 7/25 levels left

rFire   . . .      SeeInvis +   J - +2 falchion (distort) {!wlong}
rCold   . . .      Faith    .   (no shield)
rNeg    . . .      Spirit   .   b - +0 robe
rPois   .          Reflect  .   m - +1 helmet
rElec   .          Harm     .   (no cloak)
rCorr   .          Rampage  .   (no gloves)
Will    +....                   (no boots)
Stlth   ++........              f - amulet of regeneration {@e2}
HPRegen 1.01/turn               r - ring of see invisible
MPRegen 0.20/turn               (no ring)

@: very slightly contaminated
A: high MP 1, forlorn, divine attributes, iridescent scales 1, subdued magic 1
a: no special abilities


You were on level 9 of the Dungeon.
You visited 1 branch of the dungeon, and saw 9 of its levels.

You collected 471 gold pieces.


Innate Abilities, Weirdness & Mutations

You have an increased reservoir of magic. (+10% MP)
You shall have no god before yourself.
Your divine heritage dramatically boosts your attributes as you level up.
You are partially covered in iridescent scales. (AC +2)
Your spells are a little easier to cast, but a little less powerful.


   Skills:
 - Level 1.7 Dodging
 - Level 1.7 Stealth
 - Level 8.0 Spellcasting
 * Level 8.4 Transmutations
 + Level 8.4 Earth Magic


You had 7 spell levels left.
You knew the following spells:

 Your Spells              Type           Power      Damage    Failure   Level
a - Sandblast             Erth           92%        2d19      1%          1
b - Passwall              Tmut/Erth      38%        N/A       1%          2
c - Stone Arrow           Conj/Erth      54%        3d10      1%          3
d - Statue Form           Tmut/Erth      30%        N/A       19%         6
e - Death Channel         Necr           4%         N/A       100%        6

Your spell library contained the following spells:

 Spells                   Type           Power      Damage    Failure   Level
 Petrify                  Tmut/Erth      46%        N/A       1%          4
 Lee's Rapid Deconstruct  Erth           23%        3d14*     3%          5
 Corpse Rot               Necr/Air       16%        N/A       5%          2
 Leda's Liquefaction      Hex/Erth       13%        N/A       7%          4
 Dispel Undead            Necr           8%         3d8       36%         4

Inventory:

Hand Weapons
 J - a +2 falchion of distortion (weapon) {!wlong}
   (You found it on level 3 of the Dungeon)
Missiles
 a - 172 stones {throwing}
 c - 6 poisoned darts {throwing}
 g - 5 boomerangs {throwing}
 k - a throwing net {=f!fthrowing}
Armour
 b - a +0 robe (worn)
 m - a +1 helmet (worn)
   (You found it on level 1 of the Dungeon)
 n - a scarf of harm
   (You found it on level 3 of the Dungeon)
Magical Staves
 h - a staff of fire {!astaff}
   (You found it on level 4 of the Dungeon)
 l - a staff of death {!astaff}
   (You found it on level 1 of the Dungeon)
Jewellery
 d - a ring of positive energy
   (You found it on level 4 of the Dungeon)
 f - an amulet of regeneration (around neck) {@e2}
   (You found it on level 3 of the Dungeon)
 i - an amulet of the acrobat
   (You found it on level 4 of the Dungeon)
 p - a ring of fire
   (You found it on level 2 of the Dungeon)
 r - a ring of see invisible (left hand)
   (You found it on level 2 of the Dungeon)
Wands
 j - a wand of flame (14)
   (You took it off an orc on level 5 of the Dungeon)
 w - a wand of iceblast (9)
   (You found it on level 7 of the Dungeon)
 y - a wand of mindburst (9)
   (You took it off Maggie on level 8 of the Dungeon)
Scrolls
 e - a scroll of magic mapping {!r}
 q - a scroll of immolation {!r!r}
 u - a scroll of identify {@r1}
Potions
 o - 2 potions of attraction {!q}
 s - a potion of heal wounds {@q2}
 t - a potion of degeneration {!q@e2}
 v - a potion of mutation {!q}
 z - a potion of resistance {unknown}
 A - a potion of flight
 B - a potion of cancellation {unknown}
Miscellaneous
 x - a piece from Xom's chessboard (12/15)
   (You found it on level 6 of the Dungeon)

Dungeon Overview and Level Annotations

Branches:
Dungeon (9/15)             Temple (0/1) D:7
   Lair: D:8-11         Orc: D:9-12

Annotations:
D:8 2 transporters, SirDiesAlot's ghost, novice DEVM

#..≈≈......######Y...Y.
#.≈≈≈......#..Y.†§§.)..
#..≈≈......##.###§§Y...
#..≈........O.# Y...#
#..≈......##### Y..Y
#...........# .Y.
##########+###.# ..
....$..###.###.# .
....))....D@§§.#
....)..)......#.....#
######........#.....#
##########.....# .....#
.....# #..#.# ..#.#


You could see a steam dragon (invisible, catching breath).


Message History

You take 2 damage, and now have 34/69 hp.
Unknown command.
You hit the orc wizard.
Space warps around the orc wizard.
The orc warrior completely misses you.
The orc wizard hits you with a +0 dagger. 😮 HP[+1]
You hit the orc wizard.
Space warps around the orc wizard.
The orc warrior hits you from afar with a +0 trident.
* * * LOW HITPOINT WARNING * * *
The orc wizard hits you with a +0 dagger.
* * * LOW HITPOINT WARNING * * *
The orc warrior barely misses you. 😨 HP[-6]
You take 6 damage, and now have 29/69 hp.
You hit the orc wizard.
Space warps around the orc wizard.
You kill the orc wizard!
The orc warrior hits you but does no damage.
The orc hits you with a +0 club.
* * * LOW HITPOINT WARNING * * *
😨 HP[-2]
You take 2 damage, and now have 27/69 hp.
You barely miss the orc.
The orc warrior hits you from afar with a +0 trident.
* * * LOW HITPOINT WARNING * * *
The orc hits you but does no damage. 😨 HP[-4] MP[+1]
You take 4 damage, and now have 23/69 hp.
You hit the orc.
The orc blinks!
The orc warrior hits you from afar with a +0 trident.
* * * LOW HITPOINT WARNING * * *
The orc warrior hits you from afar with a +0 trident.
* * * LOW HITPOINT WARNING * * *
😱 HP[-6]
You take 6 damage, and now have 17/69 hp.
Aiming: Iceblast
Press: ? - help, Shift-Dir - straight line, f/p - orc warrior
Aim: an orc warrior, wielding a +0 trident and wearing a +0 plate armour (heavily wounded)
The mass of ice explodes!
The iceblast engulfs the orc warrior but does no damage.
The iceblast engulfs the orc!
You kill the orc!
The orc warrior hits you from afar with a +0 trident!
* * * LOW HITPOINT WARNING * * *
😱 HP[-12]
You take 12 damage, and now have 5/69 hp.
Aiming: Iceblast
Press: ? - help, Shift-Dir - straight line, f/p - orc warrior
Aim: an orc warrior, wielding a +0 trident and wearing a +0 plate armour (heavily wounded)
The mass of ice explodes!
The iceblast engulfs the orc warrior.
The orc warrior barely misses you. 😱 HP[+1]
Aiming: Iceblast
Press: ? - help, Shift-Dir - straight line, f/p - orc warrior
Aim: an orc warrior, wielding a +0 trident and wearing a +0 plate armour (severely wounded)
The mass of ice explodes!
The iceblast engulfs the orc warrior.
The orc warrior barely misses you. 😱 HP[+1] MP[+1]
Aiming: Stone Arrow (safe; 1% risk of failure)
Press: ? - help, Q - select action, (/) - cycle Shift-Dir - straight line, f/p - orc warrior
Aim: an orc warrior, wielding a +0 trident and wearing a +0 plate armour (almost dead, 71% to hit)
The stone arrow hits the orc warrior but does no damage.
The orc warrior barely misses you. 😱 HP[+1] MP[-3]
You lost 3 mp, and now have 0/26 mp.
Aiming: Mindburst
Press: ? - help, Shift-Dir - straight line, f/p - orc warrior
Aim: an orc warrior, wielding a +0 trident and wearing a +0 plate armour (almost dead, chance to affect: 64%)
The orc warrior struggles to resist.
The orc warrior closely misses you. 😱 HP[+1]
Aiming: Mindburst
Press: ? - help, Shift-Dir - straight line, f/p - orc warrior
Aim: an orc warrior, wielding a +0 trident and wearing a +0 plate armour (almost dead, chance to affect: 64%)
The orc warrior's mind is blasted!
You blow up the orc warrior!
A steam dragon comes into view. 😱 HP[+1]
You make a move on Xom's chessboard...
The steam dragon hisses angrily.
The steam dragon resists with some effort. 😱 HP[+1]
You make a move on Xom's chessboard...
The steam dragon flickers and vanishes for a moment. 😱 HP[+1] MP[+1]
You make a move on Xom's chessboard...
The steam dragon falls asleep! 😱 HP[+1] 😱 HP[+1] 😱 HP[+1] 😱 HP[+1]
The steam dragon hisses angrily.
The steam dragon closely misses you.
The steam dragon claws you but does no damage. 😱 HP[+1] MP[+1]
You hit the steam dragon but do no damage.
The steam dragon blinks!
The steam dragon breathes steam at you. The ball of steam hits you!
* * * LOW HITPOINT WARNING * * *
The steam dragon breathes steam at you. The ball of steam hits you!!
You die...

Skill      XL: |  1  2  3  4  5  6  7  8  9 |
---------------+----------------------------+-----
Earth Magic    | 3 5 6 8 |  8.4
Spellcasting   | 3 4 6 7 8 |  8.0
Transmutations | 1 4 8 |  8.4
Dodging        | |  1.7
Stealth        | |  1.7

Action                   |  1- 3 |  4- 6 |  7- 9 | 10-12 || total
-------------------------+-------+-------+-------+-------++-------
Melee: Falchion          |       |    30 |   102 |    12 ||   144
 Cast: Sandblast         |    25 |    82 |    11 |       ||   118
       Stone Arrow       |       |       |   115 |     6 ||   121
       Statue Form       |       |       |     2 |       ||     2
       Passwall          |       |       |     1 |       ||     1
Evoke: Wand              |       |       |       |     5 ||     5
       Piece from Xom's  |       |       |       |     3 ||     3
  Use: Scroll            |       |     8 |     2 |       ||    10
       Potion            |       |     5 |     3 |       ||     8
 Stab: Sleeping          |       |     2 |     2 |       ||     4
Armor: Robe              |     3 |    13 |    69 |     5 ||    90
       Skin              |       |     8 |     9 |     2 ||    19
Dodge: Dodged            |     2 |    26 |   123 |    13 ||   164

Levels and vault maps discovered:
D:1:      matt_arrival_diagonals, layout_basic,
          dreamdust_ecumenical_altar_angels_and_demons
D:2:      layout_basic
D:3:      wander_river, layout_basic, mainiacjoe_overflow_small_starburst
D:4:      layout_rooms, nicolae_gozag_seed_capital, kiku_gazebo_garden_becter,
          st_stairs_14, uniq_edmund
D:5:      layout_rooms, nicolae_hepliaklqana_hazy_memory, uniq_sigmund
D:6:      kb_forest_paths, layout_basic, uniq_menkaure, uniq_crazy_yiuf_cottage
D:7:      layout_cave_pods, minmay_temple_entry_sparse_star, serial_shops,
          nicolae_shop_trees, enter_ossuary_5, uniq_joseph, uniq_prince_ribbit1
D:8:      layout_rooms, gammafunk_ghost_hive, uniq_maggie
D:9:      layout_basic, serial_curves, eino_curves_01, eino_curves_04

Notes
Turn   | Place    | Note
-------+----------+-------------------------------------------
     0 | D:1      | spaghetti the Demigod Earth Elementalist began the quest
                  | for the Orb.
     0 | D:1      | Reached XP level 1. HP: 14/14 MP: 5/5
     0 | D:1      | magus.rc [v1.9.6]
   121 | D:1      | Reached skill level 3 in Earth Magic
   178 | D:1      | Reached XP level 2. HP: 5/20 MP: 2/7
   993 | D:2      | Noticed an ogre
  1001 | D:2      | Killed an ogre
  1002 | D:2      | Reached skill level 5 in Earth Magic
  1002 | D:2      | Reached XP level 3. HP: 26/26 MP: 1/8
  1002 | D:2      | Reached XP level 4. HP: 33/33 MP: 1/9
  1305 | D:2      | Learned a level 2 spell: Passwall
  1309 | D:2      | Learned a level 3 spell: Stone Arrow
  2216 | D:3      | You pick up a book of Decay and begin reading...
  2216 | D:3      | You add the spells Corpse Rot, Dispel Undead and Death
                  | Channel to your library.
  2318 | D:3      | You pick up a book of the Earth and begin reading...
  2318 | D:3      | You add the spells Leda's Liquefaction, Lee's Rapid
                  | Deconstruction and Statue Form to your library.
  2571 | D:3      | Reached XP level 5. HP: 38/38 MP: 8/10
  3100 | D:4      | Reached skill level 2 in Spellcasting
  3119 | D:4      | Noticed Edmund
  3151 | D:3      | Killed Edmund
  3354 | D:4      | Reached skill level 3 in Spellcasting
  3354 | D:4      | Reached skill level 6 in Earth Magic
  3354 | D:4      | Reached XP level 6. HP: 45/45 MP: 8/13
  3762 | D:5      | Entered Level 5 of the Dungeon
  3770 | D:5      | Learned a level 6 spell: Statue Form
  3806 | D:5      | Gained mutation: Your spells are a little easier to cast,
                  | but a little less powerful. [potion of mutation]
  3806 | D:5      | Gained mutation: You are partially covered in iridescent
                  | scales. (AC +2) [potion of mutation]
  3820 | D:5      | Reached skill level 4 in Spellcasting
  3965 | D:5      | Reached XP level 7. HP: 50/50 MP: 9/17
  4188 | D:5      | Noticed Sigmund
  4191 | D:5      | Reached skill level 5 in Spellcasting
  4195 | D:5      | Killed Sigmund
  4400 | D:5      | Reached skill level 6 in Spellcasting
  4770 | D:5      | Learned a level 6 spell: Death Channel
  4846 | D:6      | Reached skill level 1 in Transmutations
  4879 | D:6      | Reached XP level 8. HP: 52/57 MP: 12/22
  4983 | D:6      | Reached skill level 2 in Transmutations
  5054 | D:6      | Reached skill level 7 in Spellcasting
  5196 | D:6      | Reached skill level 3 in Transmutations
  5270 | D:6      | Reached skill level 4 in Transmutations
  5644 | D:6      | Noticed Menkaure
  5647 | D:6      | Reached XP level 9. HP: 31/62 MP: 17/24
  5652 | D:6      | Killed Menkaure
  5653 | D:6      | Reached skill level 5 in Transmutations
  5653 | D:6      | Reached skill level 7 in Earth Magic
  6381 | D:7      | Noticed Prince Ribbit
  6391 | D:7      | Killed Prince Ribbit
  6621 | D:7      | Noticed Joseph
  6640 | D:7      | Killed Joseph
  6641 | D:7      | Reached skill level 6 in Transmutations
  6761 | D:7      | HP: 15/62 [white imp/puff of frost (15)]
  6816 | D:7      | Found a staircase to the Ecumenical Temple.
  6939 | D:7      | You fall into a shaft and drop 1 floor!
  6948 | D:8      | Reached skill level 8 in Spellcasting
  7215 | D:8      | Reached skill level 7 in Transmutations
  7364 | D:8      | Found a transporter.
  7370 | D:8      | Found a transporter.
  7370 | D:8      | Noticed SirDiesAlot's ghost (novice DEVM)
  7387 | D:8      | Noticed Maggie
  7394 | D:8      | Killed Maggie
  7506 | D:8      | Reached skill level 8 in Earth Magic
  7761 | D:9      | Noticed a two-headed ogre
  7776 | D:9      | Banished a two-headed ogre
  7777 | D:9      | Reached skill level 8 in Transmutations
  7777 | D:9      | Reached XP level 10. HP: 57/69 MP: 6/26
  7893 | D:9      | HP: 17/69 [orc warrior/+0 trident (2)]
  7894 | D:9      | HP: 5/69 [orc warrior/+0 trident (13)]
  7907 | D:9      | HP: 3/69 [steam dragon/ball of steam (15)]
  7907 | D:9      | Killed from afar by a steam dragon

Vanquished Creatures
  Joseph (D:7)
  Maggie (D:8)
  Prince Ribbit (D:7)
  Sigmund (D:5)
  2 yaks (D:9)
  2 steam dragons (D:8)
  Menkaure (D:6)
  Edmund (D:3)
  A water moccasin (D:7)
  2 ice beasts (D:6)
  An acid dragon (D:6)
  2 sky beasts
  An orc warrior (D:9)
  3 ogres
  4 black bears (D:6)
  2 centaurs
  2 bullfrogs (D:8)
  4 necrophages
  A scorpion (D:6)
  3 wights (D:8)
  A howler monkey (D:6)
  3 orc priests (D:6)
  2 gnoll shamans
  6 hounds
  2 iguanas (D:5)
  6 orc wizards
  9 gnolls
  6 adders
  2 shadow imps
  2 white imps
  2 ufetubi
  2 worms
  18 orcs
  9 ball pythons
  4 bats
  10 endoplasms
  5 giant cockroaches
  4 goblins
  5 hobgoblins
  5 jackals (D:3)
  4 quokkas
  8 frilled lizards
  6 kobolds
  2 rats
159 creatures vanquished.

Table legend:
 A = Non-vault XP
 B = Vault XP
 C = Vault XP percentage of total XP
 D = Non-vault monster count
 E = Vault monster count
 F = Vault count percentage of total count
                 A         B        C        D         E       F
            +---------+---------+-------+---------+---------+-------
      Total |    5716 |    2010 |  26.0 |     153 |      13 |   7.8
            +---------+---------+-------+---------+---------+-------
        D:1 |      35 |       0 |   0.0 |      13 |       0 |   0.0
        D:2 |     177 |       0 |   0.0 |      24 |       0 |   0.0
        D:3 |      58 |     164 |  73.9 |      21 |       1 |   4.5
        D:4 |     216 |       2 |   0.9 |      14 |       1 |   6.7
        D:5 |     782 |     220 |  22.0 |      21 |       1 |   4.5
        D:6 |    1724 |     479 |  21.7 |      30 |       7 |  18.9
        D:7 |     255 |     741 |  74.4 |       7 |       2 |  22.2
        D:8 |    1046 |     404 |  27.9 |      15 |       1 |   6.2
        D:9 |    1423 |       0 |   0.0 |       8 |       0 |   0.0
            +---------+---------+-------+---------+---------+-------

Illustrated notes

Table legend:
 A = Kills in this place as a percentage of kills in entire the game.
 B = Kills by you in this place as a percentage of kills by you in the entire game.
 C = Kills by friends in this place as a percentage of kills by friends in the entire game.
 D = Other kills in this place as a percentage of other kills in the entire game.
 E = Experience gained in this place as a percentage of experience gained in the entire game.
 F = Experience gained in this place divided by the number of levels of this place that you have seen.
                   A       B       C       D       E      F
               +-------+-------+-------+-------+-------+----------------------
         Total | 100.0 | 100.0 |   N/A | 100.0 | 100.0 | 858.4
       Dungeon | 100.0 | 100.0 |   N/A | 100.0 | 100.0 | 858.4
               +-------+-------+-------+-------+-------+----------------------

Table legend: (Time is in decaauts)
 A = Elapsed time spent in this place.
 B = Non-inter-level travel time spent in this place.
 C = Inter-level travel time spent in this place.
 D = Time resting spent in this place.
 E = Time spent auto-exploring this place.
 F = Levels seen in this place.
 G = Mean time per level.
                   A        B        C        D        E       F      G
               +--------+--------+--------+--------+--------+-----+--------+
         Total |   7965 |   7804 |    161 |    630 |   6112 |   9 |  885.0 |
       Dungeon |   7965 |   7804 |    161 |    630 |   6112 |   9 |  885.0 |
               +--------+--------+--------+--------+--------+-----+--------+

Top non-repeatable levels by time:
     D:6: 1429 daAuts
     D:2: 1168 daAuts
     D:3: 1123 daAuts
     D:5: 1062 daAuts
     D:1: 971 daAuts
     D:8: 802 daAuts
     D:7: 703 daAuts
     D:4: 518 daAuts
     D:9: 185 daAuts
